 Dungeon Crawl Stone Soup version 0.29-a0-275-g389c0b56f3 (webtiles) character file.

Game seed: 5664390409786529063

4 Hubjo the Vexing (level 1, -2/14 HPs)
             Began as a Demonspawn Enchanter on Mar 12, 2022.
             Slain by a kobold
             ... wielding a +0 short sword
              (5 damage)
             ... on level 1 of the Dungeon.
             The game lasted 00:00:30 (201 turns).

Hubjo the Vexing (Demonspawn Enchanter)              Turns: 201, Time: 00:00:31

Health: -2/14      AC:  2    Str:  8    XL:     1   Next: 50%
Magic:  3/3        EV: 12    Int: 16    God:
Gold:   31         SH:  0    Dex: 13    Spells: 4/4 levels left

rFire   . . .      SeeInvis .   a - +1 dagger
rCold   . . .      Faith    .   (no shield)
rNeg    . . .      Spirit   .   b - +0 robe
rPois   .          Reflect  .   (no helmet)
rElec   .          Harm     .   (no cloak)
rCorr   .          Rampage  .   (no gloves)
Will    .....                   (no boots)
Stlth   ++........              (no amulet)
HPRegen 0.04/turn               (no ring)
MPRegen 0.08/turn               (no ring)

@: no status effects
A: no striking features
a: no special abilities


You were on level 1 of the Dungeon.
You visited 1 branch of the dungeon, and saw 1 of its levels.

You collected 31 gold pieces.

Inventory:

Hand Weapons
 a - a +1 dagger (weapon)
Armour
 b - a +0 robe (worn)
Potions
 c - 2 potions of invisibility
 d - 2 potions of lignification {unknown}


   Skills:
 * Level 0.4 Fighting
 - Level 0.8 Short Blades
 - Level 1.7 Dodging
 * Level 2.8 Stealth
 + Level 2.0 Spellcasting
 + Level 3.0 Hexes


You had 4 spell levels left.
You didn't know any spells.
Your spell library contained the following spells:

 Spells                   Type           Power      Damage    Failure   Level
 Ensorcelled Hibernation  Hex/Ice        12%        N/A       17%         2
 Confusing Touch          Hex            11%        N/A       19%         3
 Tukima's Dance           Hex            11%        N/A       19%         3
 Dazzling Flash           Conj/Hex       12%        N/A       32%         3


Dungeon Overview and Level Annotations

Branches:
Dungeon (1/15)

Altars:


Message History

You completely miss the goblin. The bat hits you.
The goblin hits you with a +0 club.
You hit the bat.
The bat is severely wounded.
The bat closely misses you. The goblin hits you with a +0 club.
You hit the bat but do no damage.
The bat is moderately wounded.
The bat barely misses you. The goblin closely misses you.
A kobold comes into view. It is wielding a +0 short sword.
You hit the goblin.
The goblin is severely wounded.
The goblin hits you with a +0 club. The bat hits you but does no damage.
You are too injured to fight recklessly!
You are too injured to fight recklessly!
The bat hits you but does no damage. The goblin hits you but does no damage.
A ball python comes into view.
The ball python hisses angrily.
The bat barely misses you. The bat closely misses you.
The bat attacks as you move away! The bat barely misses you. x2
A giant cockroach comes into view.
The bat barely misses you. The bat attacks as you move away!
The bat hits you but does no damage. The goblin attacks as you move away!
The goblin closely misses you.
Found an inky potion.
The bat closely misses you. The bat hits you but does no damage.
The goblin hits you with a +0 club.
* * * LOW HITPOINT WARNING * * *
The bat misses you. The giant cockroach barely misses you.
The goblin barely misses you. The giant cockroach closely misses you.
You closely miss the bat.
The bat is moderately wounded.
The bat hits you but does no damage. The goblin hits you but does no damage.
The kobold closely misses you. The giant cockroach bites you.
* * * LOW HITPOINT WARNING * * *
Found 14 gold pieces.
The bat hits you but does no damage. The ball python barely misses you.
The ball python closely misses you.
The ball python attacks as you move away!
The ball python barely misses you. The kobold attacks as you move away!
The kobold hits you with a +0 short sword.
You die...

#.#.....# #....#
#....)..####.###
##.#..........#
##..######....####
###.# ##....##.# #
#..####........#######
#
#...:......#..B.......
..####..#..#.SgK.....!
.## ##.##S#.b@.......
#..#.#..........
...#.###.#######
..##.# #.# ####..# #.#
..# #.# #.# #$#


You could see a giant cockroach, a goblin, a bat, a ball python and a kobold.

Vanquished Creatures
  2 goblins (D:1)
  A ball python (D:1)
  A rat (D:1)
4 creatures vanquished.

Notes
Turn   | Place    | Note
-------+----------+-------------------------------------------
     0 | D:1      | Hubjo the Demonspawn Enchanter began the quest for the Orb.
     0 | D:1      | Reached XP level 1. HP: 13/13 MP: 3/3
   201 | D:1      | Slain by a kobold

Illustrated notes

Levels and vault maps discovered:
D:1:      wander_arrival_peaceful_grave, layout_basic,
          ebering_ecumenical_altar_mist, minmay_close_crescents

Action                   || total
-------------------------++-------
Melee: Dagger            ||    16
Armor: Robe              ||     9
Dodge: Dodged            ||    24

Table legend: (Time is in decaauts)
 A = Elapsed time spent in this place.
 B = Non-inter-level travel time spent in this place.
 C = Inter-level travel time spent in this place.
 D = Time resting spent in this place.
 E = Time spent auto-exploring this place.
 F = Levels seen in this place.
 G = Mean time per level.
                   A        B        C        D        E       F      G
               +--------+--------+--------+--------+--------+-----+--------+
         Total |    200 |    200 |      0 |      0 |    155 |   1 |  200.0 |
       Dungeon |    200 |    200 |      0 |      0 |    155 |   1 |  200.0 |
               +--------+--------+--------+--------+--------+-----+--------+

Top non-repeatable levels by time:
     D:1: 200 daAuts
